 Dungeon Crawl Stone Soup version 0.25-a0-589-g1e14c549ee (webtiles) character file.

Game seed: 12720327607462369982, levelgen mode: deterministic

82 Kohma the Digger (level 4, -3/24 HPs)
             Began as a Gargoyle Earth Elementalist on Mar 11, 2020.
             Killed from afar by Sigmund (5 damage)
             ... with a puff of flame
             ... on level 2 of the Dungeon.
             The game lasted 00:04:00 (1520 turns).

Kohma the Digger (Gargoyle Earth Elementalist)      Turns: 1520, Time: 00:04:00

Health: -3/24      AC:  6    Str: 10 (12) XL:     4   Next: 43%
Magic:  3/7        EV: 12    Int: 15 (16) God:
Gold:   10         SH:  0    Dex:  9 (10) Spells: 6/7 levels left

rFire    . . .     SeeInvis .   i - +0 short sword
rCold    . . .     Gourm    .   (no shield)
rNeg     + . .     Faith    .   c - +0 robe
rPois    ∞         Spirit   .   (no helmet)
rElec    +         Reflect  .   p - +0 cloak
rCorr    .         Harm     .   (no gloves)
MR       .....                  (no boots)
Stlth    ++........             (no amulet)
HPRegen  0.08/turn              (no ring)
MPRegen  0.10/turn              (no ring)

@: no status effects
A: negative energy resistance 1, electricity resistance, unbreathing,
petrification resistance, rot immunity, AC +3
a: no special abilities


You were on level 2 of the Dungeon.
You were hungry.

You visited 1 branch of the dungeon, and saw 2 of its levels.

You collected 10 gold pieces.

Inventory:

Hand Weapons
 h - a +0 whip
 i - a +0 short sword (weapon)
Missiles
 b - 17 stones (quivered)
 n - 35 bolts
 o - 5 javelins
Armour
 c - a +0 robe (worn)
 p - a +0 cloak (worn)
Scrolls
 a - a scroll of remove curse {unknown}
 g - 3 scrolls of identify {unknown}
 j - a scroll of fear {unknown}
Potions
 k - a potion of stabbing {unknown}
 l - a potion of invisibility {unknown}
 m - a potion of mutation {unknown}
Comestibles
 d - 3 rations


   Skills:
 - Level 1.5 Dodging
 - Level 2.1 Stealth
 - Level 2.0 Spellcasting
   Level 0.7 Transmutations
 + Level 6.2 Earth Magic


You had 6 spell levels left.
You knew the following spells:

 Your Spells              Type           Power        Failure   Level  Hunger
a - Sandblast             Erth           ###...       1%          1    #......

Your spell library contained the following spells:

 Spells                   Type           Power        Failure   Level  Hunger
 Passwall                 Tmut/Erth      ##......     9%          2    ###....
 Stone Arrow              Conj/Erth      ##....       19%         3    ###....
 Lee's Rapid Deconstruct  Erth           ###.......   43%         5    ######.
 Petrify                  Tmut/Erth      ##......     47%         4    #####..


Dungeon Overview and Level Annotations

Branches:
Dungeon (2/15)

Altars:

Annotations:
D:2 Sigmund


Innate Abilities, Weirdness & Mutations

You are resistant to torment.
Your stone body is resilient. (AC +3)
You are immune to poison.
You resist negative energy. (rN+)
You are resistant to electric shocks. (rElec)
You can survive without breathing.
You are immune to petrification.
You are immune to rotting.


Message History

The rat barely misses you.
Casting: Sandblast (safe; 1% risk of failure)
Confirm with . or Enter, or press ? or * to list all spells.
Aiming: Sandblast (safe; 1% risk of failure)
Press: ? - help, Shift-Dir - straight line, f/p - Sigmund
Aim: Sigmund, wielding a +2 scythe of protection, wearing a cursed +0 robe and carrying a wand of digging (5) (lightly wounded)
The blast of sand hits Sigmund!
Sigmund is moderately wounded.
b - 17 stones Sigmund hits you with a +2 scythe of protection!
* * * LOW HITPOINT WARNING * * *
The rat bites you.
* * * LOW HITPOINT WARNING * * *
It was a potion of degeneration.
There was something very wrong with that liquid.
You feel weakened.
You feel dopey.
You feel clumsy. The rat bites you but does no damage.
Sigmund casts a spell at you. The puff of flame hits you.
You die...

#### .#... .... ...... ... ..<...
..###..#.# # #.##..... # #...#
#.@#...# . ##...## #@##...###.# #
#.....# #.r..>.....# #####
#.....## ####.###### #...#
#.#.#.. ..#.# #########
..#.###.#.#.# #.#.# #.......#
..#...#.#.#.#####.#.#####.#####.#
#####.#........##..........#.....
..#...#.....##.##.#####.#....##.#
).#.......#.##.##.#####.#.#####.#


You could see Sigmund and a rat.

Vanquished Creatures
  Crazy Yiuf (D:2)
  An adder (D:2)
  An ooze (D:1)
  2 dart slugs (D:1)
  2 giant cockroaches (D:1)
  6 goblins
  4 hobgoblins (D:1)
  2 ball pythons (D:1)
  6 bats
  A frilled lizard (D:1)
  5 kobolds
  4 rats (D:1)
35 creatures vanquished.

Notes
Turn   | Place    | Note
-------+----------+-------------------------------------------
     0 | D:1      | Kohma the Gargoyle Earth Elementalist began the quest for
                  | the Orb.
     0 | D:1      | Reached XP level 1. HP: 10/10 MP: 3/3
   120 | D:1      | Reached skill level 4 in Earth Magic
   133 | D:1      | Reached XP level 2. HP: 8/15 MP: 0/5
   604 | D:1      | Reached skill level 5 in Earth Magic
   604 | D:1      | Reached XP level 3. HP: 15/19 MP: 3/6
  1189 | D:2      | Found a runed translucent door.
  1190 | D:2      | Noticed Crazy Yiuf
  1199 | D:2      | Paralysed by Crazy Yiuf for 4 turns
  1204 | D:2      | Killed Crazy Yiuf
  1204 | D:2      | Reached skill level 6 in Earth Magic
  1204 | D:2      | Reached XP level 4. HP: 8/24 MP: 3/7
  1498 | D:2      | Noticed Sigmund
  1520 | D:2      | Killed from afar by Sigmund

Levels and vault maps discovered:
D:1:      lordsloth_arrival_two_stooges, layout_rooms
D:2:      layout_loops_cross, chequers_serial_rivers_room_b,
          uniq_crazy_yiuf_cottage, uniq_sigmund

Skill      XL: |  1  2  3 |
---------------+----------+-----
Earth Magic    | 4 5 6 |  6.2
Dodging        | |  1.5
Stealth        | |  2.1
Spellcasting   | |  2.0
Transmutations | |  0.7

Action                   |  1- 3 |  4- 6 || total
-------------------------+-------+-------++-------
Melee: Unarmed           |    10 |       ||    10
       Club              |    28 |       ||    28
       Short sword       |    54 |    25 ||    79
       Dagger            |     3 |       ||     3
       Whip              |     8 |       ||     8
 Cast: Sandblast         |    24 |     6 ||    30
  Use: Potion            |       |     1 ||     1
 Stab: Sleeping          |     1 |       ||     1
  Eat: Chunk             |     1 |     1 ||     2
Armor: Robe              |    57 |    13 ||    70
Dodge: Dodged            |   103 |    25 ||   128

Table legend:
 A = Non-vault XP
 B = Vault XP
 C = Vault XP percentage of total XP
 D = Non-vault monster count
 E = Vault monster count
 F = Vault count percentage of total count
                 A         B        C        D         E       F
            +---------+---------+-------+---------+---------+-------
      Total |      74 |      44 |  37.3 |      34 |       1 |   2.9
            +---------+---------+-------+---------+---------+-------
        D:1 |      53 |       0 |   0.0 |      28 |       0 |   0.0
        D:2 |      21 |      44 |  67.7 |       6 |       1 |  14.3
            +---------+---------+-------+---------+---------+-------
